 Dungeon Crawl Stone Soup version 0.31.0-11-ge490571c62 (webtiles) character file.

Game seed: 12680105051941476976

566981 LobsterGuardian the Rhythm of Life and Death (level 24, -24/258 (270) HPs)
             Began as a Demonspawn Gladiator on Jan 30, 2024.
             Was an Elder of Uskayaw.
             Killed from afar by a titan (38 damage)
             ... with a bolt of lightning
             ... on level 2 of the Depths on Jan 31, 2024.
             The game lasted 04:44:52 (61684 turns).

LobsterGuardian (DsGl)                             Turns: 61684, Time: 04:44:53

HP:   -24/258 (270) AC: 36    Str: 23    XL:     24   Next: 96%
MP:   0/53          EV: 12    Int: 16    God:    Uskayaw [****..]
Gold: 6014          SH: 21    Dex: 30    Spells: 23/23 levels left

rFire   + + .        v - +13 Maxwell's thermic engine {flame, freeze, rev}
rCold   + . .        j - +2 buckler {rN+}
rNeg    + . .        E - +8 plate armour "Lekhefia" {Regen+ Dex+3}
rPois   +            c - +1 helmet {Int+3}
rElec   .            G - +1 cloak of the Blacksmith {^Contam rC+ MP+9 Str+4}
rCorr   .            (gloves unavailable)
SInv    +            U - +1 pair of boots
Will    +....        V - amulet "Anoang" {rPois Regen+} Stlth
                     Z - ring of Doke {^Drain rF+ Str+4 Int+3 SInv}
HPRegen 2.23/turn    L - ring "Luolitz" {rF+ AC+4 Dex+2}
MPRegen 0.66/turn

%: random rage (3%), guardian spirit
@: constricted, studying Axes, lightly drained
A: claws 3, large bone plates 3, icemail 2, robust 3, magic shield, magic
regeneration, magic link, condensation shield, berserk 1, deterioration 2, high
MP 1, screaming 1, wild magic 1, persistent drain
}: 4/15 runes: serpentine, barnacled, slimy, silver
a: Renounce Religion, Stomp, Line Pass


You were on level 2 of the Depths.
You worshipped Uskayaw.
Uskayaw was exalted by your worship.
You visited 11 branches of the dungeon, and saw 49 of its levels.
You visited 1 bazaar.
You also visited: Sewer, Ossuary, Bailey and Ice Cave.

You collected 7112 gold pieces.
You spent 1098 gold pieces at shops.

Inventory:

Hand Weapons
 k - the +7 short sword "Qukloiqo" {flame, rPois rF+ rCorr}
   (You found it on level 2 of the Dungeon)

   rF+:       It protects you from fire.
   rPois:     It protects you from poison rCorr: It protects you from acid and
   corrosion.
 v - the +13 Maxwell's thermic engine (weapon) {flame, freeze, rev}
   (You found it on level 4 of the Vaults)
Missiles
 b - 5 throwing nets
 e - 8 javelins
 r - 14 silver javelins
 M - 17 atropa-tipped darts
 R - 23 poisoned darts
Armour
 c - a +1 helmet of intelligence (worn)
 j - a +2 buckler of positive energy (worn)
 E - the +8 plate armour "Lekhefia" (worn) {Regen+ Dex+3}
   (You found it on level 3 of the Snake Pit)

   Dex+3:     It affects your dexterity (+3).
   Regen+:    It increases your rate of health regeneration.
 G - the +1 cloak of the Blacksmith (worn) {^Contam rC+ MP+9 Str+4}
   (You found it on level 10 of the Dungeon)

   Str+4:     It affects your strength (+4).
   rC+:       It protects you from cold.
   MP+9:      It affects your magic capacity (+9).
   ^Contam:   It causes magical contamination when unequipped.
 U - a +1 pair of boots (worn)
Jewellery
 a - the ring "Kesaefof" {rN+ Will+ Int+3}
   (You took it off a yaktaur on level 5 of the Vaults)

   [ring of positive energy]

   Int+3:     It affects your intelligence (+3).
   rN+:       It protects you from negative energy.
   Will+:     It increases your willpower.
 o - the ring of Wooshred {rF+ Str+2}
   (You took it off a deep elf demonologist on level 3 of the Elven Halls)

   [ring of protection from fire]

   Str+2:     It affects your strength (+2).
   rF+:       It protects you from fire.
 L - the ring "Luolitz" (right claw) {rF+ AC+4 Dex+2}
   (You bought it in a shop on level 2 of the Orcish Mines)

   [ring of protection]

   AC+4:      It affects your AC (+4).
   Dex+2:     It affects your dexterity (+2).
   rF+:       It protects you from fire.
 N - a ring of flight
 V - the amulet "Anoang" (around neck) {rPois Regen+}
   (You found it on level 4 of the Vaults)

   [amulet of regeneration]

   rPois:     It protects you from poison Regen+: It increases your rate of
   health regeneration.
 Z - the ring of Doke (left claw) {^Drain rF+ Str+4 Int+3 SInv}
   (You found it on level 2 of the Shoals)

   [ring of protection from fire]

   Str+4:     It affects your strength (+4).
   Int+3:     It affects your intelligence (+3).
   rF+:       It protects you from fire.
   SInv:      It lets you see invisible.
   ^Drain:    It drains your maximum health when unequipped.
Wands
 d - a wand of paralysis (30)
 H - a wand of iceblast (52)
 J - a wand of mindburst (22)
 P - a wand of polymorph (10)
 W - a wand of digging (14)
 X - a wand of acid (22)
 Y - a wand of flame (25)
Scrolls
 h - 5 scrolls of immolation
 n - 4 scrolls of silence
 p - 7 scrolls of fear
 q - 9 scrolls of enchant armour
 t - 8 scrolls of fog
 u - 4 scrolls of blinking
 x - 9 scrolls of teleportation
 y - 4 scrolls of brand weapon
 B - 6 scrolls of poison
 F - 11 scrolls of revelation
 I - 10 scrolls of amnesia
 K - a scroll of summoning
 T - 4 scrolls of enchant weapon
Potions
 f - 10 potions of curing
 g - 13 potions of lignification
 i - 12 potions of berserk rage
 l - 7 potions of magic
 m - 4 potions of enlightenment
 w - 6 potions of ambrosia
 z - 4 potions of resistance
 A - 4 potions of haste
 C - 3 potions of heal wounds
 D - 5 potions of might
 O - 2 potions of invisibility
 Q - 7 potions of cancellation
Miscellaneous
 s - a lightning rod (4/4)
 S - a box of beasts


   Skills:
 * Level 21.0 Fighting
 - Level 10.6(14.8) Short Blades
 + Level 16.4(17.6) Long Blades
 + Level 14.3 Throwing
 + Level 15.1 Armour
 + Level 9.4 Dodging
 + Level 18.8 Shields
 O Level 27 Invocations


You had 23 spell levels left.
You didn't know any spells.
Your spell library contained the following spells:

 Spells                   Type           Power      Damage    Failure   Level
 Apportation              Tloc           0%         N/A       95%         1
 Foxfire                  Conj/Fire      0%         2x1d4     95%         1
 Freeze                   Ice            0%         1d3       95%         1
 Kiss of Death            Conj/Necr      0%         2d5       95%         1
 Necrotise                Necr           0%         1d4       95%         1
 Sandblast                Erth           0%         2d4       95%         1
 Sting                    Conj/Alch      0%         1d3       95%         1
 Summon Small Mammal      Summ           0%         N/A       95%         1
 Call Imp                 Summ           0%         N/A       99%         2
 Cigotuvi's Dreadful Rot  Necr/Alch/Air  0%         N/A       99%         2
 Ensorcelled Hibernation  Hex/Ice        0%         N/A       99%         2
 Lesser Beckoning         Tloc           0%         N/A       99%         2
 Mercury Vapours          Alch/Air       0%         N/A       99%         2
 Scorch                   Fire           0%         2d5       99%         2
 Sublimation of Blood     Necr           0%         N/A       99%         2
 Call Canine Familiar     Summ           0%         N/A       100%        3
 Confusing Touch          Hex            0%         N/A       100%        3
 Dazzling Flash           Conj/Hex       0%         N/A       100%        3
 Frozen Ramparts          Ice            0%         1d1       100%        3
 Fugue of the Fallen      Necr           0%         N/A       100%        3
 Gell's Gravitas          Tloc           0%         N/A       100%        3
 Hailstorm                Conj/Ice       0%         3d5       100%        3
 Inner Flame              Hex/Fire       0%         N/A       100%        3
 Mephitic Cloud           Conj/Alch/Air  0%         N/A       100%        3
 Passwall                 Erth           0%         N/A       100%        3
 Stone Arrow              Conj/Erth      0%         3d7       100%        3
 Summon Ice Beast         Ice/Summ       0%         N/A       100%        3
 Teleport Other           Tloc           0%         N/A       100%        3
 Anguish                  Hex/Necr       0%         N/A       100%        4
 Animate Armour           Summ/Erth      0%         N/A       100%        4
 Animate Dead             Necr           0%         N/A       100%        4
 Brom's Barrelling Bould  Conj/Erth      0%         2d3       100%        4
 Cause Fear               Hex            0%         N/A       100%        4
 Dispel Undead            Necr           0%         3d6       100%        4
 Flame Wave               Conj/Fire      0%         2d4       100%        4
 Ignite Poison            Fire/Alch      0%         N/A       100%        4
 Leda's Liquefaction      Alch/Erth      0%         N/A       100%        4
 Martyr's Knell           Necr/Summ      0%         N/A       100%        4
 Olgreb's Toxic Radiance  Alch           0%         N/A       100%        4
 Petrify                  Alch/Erth      0%         N/A       100%        4
 Sticky Flame             Fire/Alch      0%         2d4       100%        4
 Vhi's Electric Charge    Tloc/Air       0%         N/A       100%        4
 Arcjolt                  Conj/Air       0%         1d10      100%        5
 Borgnjor's Vile Clutch   Necr/Erth      0%         N/A       100%        5
 Curse of Agony           Necr           0%         N/A       100%        5
 Fireball                 Conj/Fire      0%         3d3       100%        5
 Freezing Cloud           Conj/Ice/Air   0%         6-21      100%        5
 Irradiate                Conj/Alch      0%         3d11      100%        5
 Iskenderun's Battlesphe  Conj           0%         2d6       100%        5
 Metabolic Englaciation   Hex/Ice        0%         N/A       100%        5
 Silence                  Hex/Air        0%         N/A       100%        5
 Summon Mana Viper        Hex/Summ       0%         N/A       100%        5
 Bombard                  Conj/Erth      0%         9d1       100%        6
 Conjure Ball Lightning   Conj/Air       0%         3x3d6     100%        6
 Death Channel            Necr           0%         N/A       100%        6
 Plasma Beam              Fire/Air       0%         2x1d10    100%        6
 Sculpt Simulacrum        Ice/Alch       0%         N/A       100%        6
 Starburst                Conj/Fire      0%         6d3       100%        6
 Summon Cactus Giant      Summ           0%         N/A       100%        6
 Haunt                    Necr/Summ      0%         N/A       100%        7
 Malign Gateway           Summ/Tloc      0%         N/A       100%        7
 Monstrous Menagerie      Summ           0%         N/A       100%        7
 Orb of Destruction       Conj           0%         9d5       100%        7
 Ozocubu's Refrigeration  Ice            0%         4d7       100%        7
 Spellforged Servitor     Conj/Summ      0%         N/A       100%        7
 Summon Hydra             Summ           0%         N/A       100%        7
 Discord                  Hex            0%         N/A       100%        8
 Ignition                 Fire           0%         3d3       100%        8
 Infestation              Necr           0%         N/A       100%        8
 Maxwell's Capacitive Co  Air            0%         ∞         100%        8
 Summon Horrible Things   Summ           0%         N/A       100%        8
 Chain Lightning          Conj/Air       0%         N/A       100%        9
 Dragon's Call            Summ           0%         N/A       100%        9
 Fire Storm               Conj/Fire      0%         5d1       100%        9
 Shatter                  Erth           0%         3d5*      100%        9


Dungeon Overview and Level Annotations

Branches:
Dungeon (15/15)            Temple (1/1) D:7            Lair (5/5) D:8
 Shoals (4/4) Lair:3        Snake (4/4) Lair:2        Slime (5/5) Lair:5
    Orc (2/2) D:11            Elf (3/3) Orc:2        Vaults (5/5) D:13
  Crypt (3/3) Vaults:3       Tomb (0/3) Crypt:3      Depths (2/4) D:15
  Sewer (visited)         Ossuary (visited)          Bailey (visited)
  IceCv (visited)

Altars:
Ashenzari
Cheibriados
Dithmenos
Fedhas
Gozag
Hepliaklqana
Kikubaaqudgha
Makhleb
Nemelex Xobeh
Okawaru
Qazlal
Ru
Sif Muna
Trog
Uskayaw
Vehumet
Wu Jian
Xom
Yredelemnul

Shops:
D:4 (   D:6 *   D:8 =   D:12 [(   Orc:2 ?[(=?   Elf:3 [   Shoals:3 !
Vaults:5 (   Depths:1 (=

Portals:
Hell: Depths:1
Abyss: Depths:1
Pandemonium: Depths:2
Trove: Vaults:1 (give 2 scrolls of acquirement)

Annotations:
D:14 exclusion: orange crystal statue
Vaults:1 3 runed translucent doors, monsoonserge's ghost, amateur SpDe


Innate Abilities, Weirdness & Mutations

You have claws for hands.
You are completely covered in large bone plates. (SH +8)
A meltable icy envelope protects you from harm. (AC +0)
You are extremely robust. (+30% HP)
When hurt, damage is shared between your health and your magic reserves.
You regenerate magic rapidly.
When low on magic, you restore magic in place of health.
A meltable shield of frost defends you. (SH +0)
You sometimes lose your temper in combat.
Your body often deteriorates upon taking damage.
You have an increased reservoir of magic. (+10% MP)
You occasionally shout uncontrollably at your foes.
Your spells are a little harder to cast, but a little more powerful.
Your health recovers twice as slowly from being drained.


Message History

The death yak goes berserk!
Uskayaw will force your foes to share their pain.
Uskayaw links your audience in an emotional bond!
Unknown command.
You barely miss the tentacled monstrosity.
The tentacled monstrosity is heavily wounded.
You block the spark wasp's attack.
Unknown command.
You hit the tentacled monstrosity.
The tentacled monstrosity is heavily wounded.
The spark wasp stings you. The spark wasp shocks you!
You block the tentacled monstrosity's attack.
The tentacled monstrosity tentacle-slaps you!
You block the tentacled monstrosity's attack.
The tentacled monstrosity grabs you.
The tentacled monstrosity constricts you.
The titan casts a spell at you. The bolt of lightning hits you!! x2
* * * LOW HITPOINT WARNING * * *
The bolt of lightning hits the titan.
The titan completely resists.
The death yak rages.
The spark wasp stings you!
* * * LOW HITPOINT WARNING * * *
The spark wasp shocks you!
* * * LOW HITPOINT WARNING * * *
Unknown command.
Unknown command.
Blink to where?
Press: ? - help, Dir - move target The tentacled monstrosity's grasp on you weakens, but your attempt to escape fails.
As you read the scroll of blinking, it crumbles to dust.
The tentacled monstrosity tentacle-slaps you.
You block the tentacled monstrosity's attack. x2
The tentacled monstrosity constricts you.
* * * LOW HITPOINT WARNING * * *
The titan points at you and mumbles some strange words.
The bolt of lightning hits you!!
* * * LOW HITPOINT WARNING * * *
The bolt of lightning hits you!!!
You die...

........# ##!
........# ##..
........# #$..
........#. #..#
##### ........#.
#..# [...
........+. #..#
... ........#.
#.(# ..#
........#.#
##.##..#
.########.#
##@#y.##)..
......
#.#####CyXC......
.###..
#...>...pYi.....⌠
.#
#..####.Y........
##
#..#####.#..##(..
.# #..###....#
.##..# .. .#
#..^....###.. ..#
. .# ##.####.# ..
...
#####+####'###..
?...


You could see a tentacled monstrosity (pain bonded), a titan (pain bonded), a
frost giant (pain bonded), 2 death yaks, a spark wasp (pain bonded), a hell
knight (fast, pain bonded) and a spriggan berserker (regenerating,
strong-willed, pain bonded).

Vanquished Creatures
  the Royal Jelly (Slime:5)
  An ancient lich (Vaults:4)
  Mara (Depths:1)
  Vv (Crypt:1)
  Bai Suzhen (Vaults:4)
  4 golden dragons
  A caustic shrike (Depths:1)
  Jory (Crypt:3)
  Nikola (Vaults:1)
  A bone dragon (Crypt:3)
  4 tentacled monstrosities
  Jorgrun (Snake:3)
  2 liches
  2 quicksilver dragons (Vaults:4)
  2 deep elf blademasters (Elf:3)
  23 acid blobs
  2 deep elf master archers (Elf:3)
  8 sphinxes
  5 krakens
  2 ancient champions (Crypt:1)
  3 shadow dragons (Vaults:4)
  Agnes (Snake:1)
  7 tengu reavers
  Aizul (Snake:1)
  6 nagarajas
  18 rockslimes
  5 storm dragons
  18 azure jellies
  2 revenants (Crypt:2)
  5 frost giants
  2 fire giants
  The ghost of browni3141 the Severer, a journeyman MiFi of Okawaru (Snake:3)
  7 deep elf sorcerers
  14 vault wardens
  2 reapers (Crypt:2)
  5 deep elf elementalists (Elf:3)
  3 ghouls (Crypt:2)
  3 iron dragons
  8 quicksilver oozes
  22 ironbound preservers
  18 formless jellyfish
  4 vampire knights
  19 stone giants
  Nessos (Lair:4)
  18 very ugly things
  10 ironbound thunderhulks
  A purple draconian (Vaults:4)
  3 spark wasps
  5 deep elf demonologists
  11 dire elephants (Vaults:2)
  6 war gargoyles
  3 minotaurs (Shoals:4)
  14 deep elf death magi
  8 deep elf annihilators
  Snorg (D:10)
  4 eidola
  10 merfolk impalers
  A fire dragon (shapeshifter) (Vaults:4)
  7 ettins
  3 crystal guardians
  3 merfolk javelineers
  2 fire dragons
  Josephine (Lair:5)
  8 deep elf high priests
  An entropy weaver (shapeshifter) (Elf:2)
  12 jiangshi
  4 entropy weavers
  8 great orbs of eyes
  36 vault guards
  7 salamander tyrants
  Erolcha (D:11)
  An ice dragon (Depths:2)
  12 yaktaur captains
  Fannar (D:11)
  A spriggan air mage (Depths:1)
  5 hydras
  4 merfolk avatars
  3 ogre magi
  17 anacondas
  5 merfolk aquamancers
  7 boulder beetles
  3 peacekeepers
  3 spriggan skeletons
  6 centaur warriors
  5 two-headed ogres
  A catoblepas (Lair:3)
  7 ironbound frosthearts
  13 naga warriors
  A deep troll earth mage (Depths:1)
  17 naga sharpshooters
  37 dancing weapons
  A deep troll shaman (Depths:1)
  7 satyrs (Shoals:4)
  2 tengu warriors (D:15)
  3 vampire magi
  A titan zombie (Crypt:2)
  A spriggan berserker (Depths:1)
  10 death yaks
  5 orc high priests
  2 soul eaters (Crypt:2)
  7 hell knights
  6 shock serpents
  Urug (D:12)
  25 deep elf knights
  A fire crab (shapeshifter) (D:15)
  2 shadow wraiths (Crypt:2)
  A golden dragon zombie (Crypt:1)
  Amaemon (D:8)
  A titan skeleton (Crypt:1)
  5 skysharks
  A bunyip zombie (Crypt:2)
  46 deep trolls
  4 salamander mystics
  30 skeletal warriors
  18 sea snakes
  A flayed ghost (Vaults:5)
  16 mana vipers
  5 arcanists
  2 spriggan druids (Depths:1)
  A glowing orange brain (shapeshifter) (Depths:2)
  4 glowing orange brains
  6 naga ritualists
  A bog body (Crypt:2)
  A spriggan simulacrum (Crypt:1)
  23 deep elf archers
  18 ironbound convokers
  21 lindwurms
  18 harpies
  12 necromancers
  18 phantasmal warriors
  2 anaconda skeletons (Crypt:2)
  33 deep elf pyromancers
  5 orc sorcerers
  28 deep elf zephyrmancers
  9 orc knights
  A human zombie (Vaults:1)
  33 ugly things
  9 cyclopes
  23 fauns
  A faun (shapeshifter) (Vaults:4)
  An oklob plant (Lair:4)
  6 shining eyes
  19 manticores
  22 salamanders
  Maurice (D:11)
  9 guardian serpents
  119 slime creatures
  6 water nymphs
  20 naga magi
  33 black mambas
  A human skeleton (Vaults:1)
  8 merfolk sirens
  An elephant (shapeshifter) (Depths:1)
  An ice statue (IceCv)
  4 kobold blastminers
  A mana viper zombie (Crypt:2)
  An apocalypse crab (Shoals:2)
  An unseen horror (D:10)
  A torpor snail (Lair:5)
  18 vault sentinels
  6 elephants (Lair:5)
  2 gargoyles
  A cane toad (shapeshifter) (D:13)
  7 eyes of devastation
  An orange demon (D:8)
  2 kobold demonologists (D:8)
  12 rime drakes
  16 cane toads
  3 tengu conjurers
  A dire elephant skeleton (Crypt:1)
  27 yaktaurs
  4 freezing wraiths
  A red draconian skeleton (Crypt:1)
  12 komodo dragons
  7 wind drakes
  9 polar bears
  A harpy zombie (Crypt:3)
  8 trolls
  4 hornets
  4 tyrant leeches (Depths:2)
  A hydra skeleton (Crypt:1)
  A death drake skeleton (Crypt:2)
  36 merfolk
  A harpy skeleton (Crypt:1)
  6 blink frogs
  9 snapping turtles
  A fire dragon zombie (Crypt:3)
  Prince Ribbit (Bailey)
  5 dream sheep (Shoals:4)
  6 glass eyes
  2 spriggans (Depths:1)
  A jumping spider (shapeshifter) (Depths:1)
  A jumping spider (Vaults:3)
  A guardian serpent skeleton (Crypt:1)
  An ice dragon skeleton (Crypt:1)
  A deep troll skeleton (Vaults:1)
  3 air elementals
  A shadow (D:12)
  A dire elephant simulacrum (Crypt:1)
  41 yaks
  12 water elementals
  5 wyverns
  4 fire elementals
  Grum (D:8)
  11 wraiths
  6 humans (Bailey)
  4 basilisks
  3 steam dragons (D:8)
  3 golden eyes
  5 vampire mosquitoes
  7 redbacks
  A redback (shapeshifter) (Vaults:4)
  A death yak simulacrum (Lair:2)
  3 wargs
  54 nagas
  2 naga zombies (Crypt:1)
  17 water moccasins
  An ice beast (D:5)
  4 black bears
  24 orc warriors
  A swamp dragon zombie (Crypt:2)
  An ogre (shapeshifter) (Elf:2)
  A wolf (shapeshifter) (Vaults:3)
  27 laughing skulls
  11 ogres
  A dream sheep skeleton (Crypt:2)
  25 wolves
  6 centaurs
  8 kobold brigands
  3 phantoms
  22 bullfrogs
  A gnoll sergeant (D:7)
  A necrophage (Crypt:2)
  5 earth elementals
  5 scorpions
  A cyclops skeleton (Crypt:2)
  12 killer bees (D:9)
  A queen bee zombie (Crypt:1)
  2 elephant simulacra (Lair:2)
  A yak zombie (Crypt:1)
  A raiju skeleton (Crypt:1)
  3 bombardier beetles
  2 howler monkeys
  An electric eel (Lair:5)
  A human simulacrum (Vaults:1)
  19 orc priests
  5 hounds
  2 iguanas
  3 sleepcaps
  23 orc wizards
  6 hell rats (Lair:2)
  8 mummies (Ossuary)
  6 gnolls
  8 river rats
  10 adders
  2 shadow imps (D:7)
  7 white imps
  4 ufetubi
  13 ribbon worms
  2 dart slugs
  77 orcs
  5 bats
  14 endoplasms
  8 giant cockroaches
  20 goblins
  8 hobgoblins
  7 jackals
  8 quokkas
  3 training dummies (D:12)
  7 ball pythons
  3 frilled lizards
  A gnoll zombie (Ossuary)
  3 hobgoblin zombies (Ossuary)
  24 kobolds
  3 kobold zombies (Ossuary)
  An orc zombie (Ossuary)
  26 rats
  A river rat skeleton (Crypt:2)
  6 tentacles (Shoals:3)
2223 creatures vanquished.

Vanquished Creatures (others)
  An ironbound frostheart (Vaults:1)
  A deep elf knight (Elf:2)
  A deep elf zephyrmancer (Elf:2)
  A black mamba (Snake:3)
  A naga zombie (Crypt:1)
  15 tentacles
20 creatures vanquished.

Grand Total: 2243 creatures vanquished

Notes
Turn   | Place    | Note
-------+----------+-------------------------------------------
     0 | D:1      | LobsterGuardian the Demonspawn Gladiator began the quest
                  | for the Orb.
     0 | D:1      | Reached XP level 1. HP: 16/16 MP: 1/1
   125 | D:1      | Gained mutation: You have sharp fingernails. [demonic
                  | ancestry]
   125 | D:1      | Reached XP level 2. HP: 22/22 MP: 2/2
   332 | D:1      | Reached XP level 3. HP: 17/27 MP: 3/3
  1233 | D:2      | Reached XP level 4. HP: 30/34 MP: 4/4
  1288 | D:2      | Identified the +7 short sword "Qukloiqo" {flame, rPois rF+
                  | rCorr}
  1311 | D:2      | Reached skill level 1 in Armour
  1701 | D:2      | Reached XP level 5. HP: 30/39 MP: 5/5
  1991 | D:3      | Found a basalt altar of Yredelemnul.
  1992 | D:3      | Noticed a phantom
  2324 | D:3      | Killed a phantom
  2567 | D:3      | Reached skill level 5 in Long Blades
  2592 | D:3      | Gained mutation: You regenerate magic rapidly. [demonic
                  | ancestry]
  2592 | D:3      | Reached XP level 6. HP: 41/46 MP: 6/6
  2723 | D:4      | Found a sand-covered staircase.
  2732 | Ossuary  | Entered an ossuary
  3059 | D:4      | Found a glowing drain.
  3075 | Sewer    | Entered a sewer
  3277 | Sewer    | Gained mutation: You have very sharp fingernails. [demonic
                  | ancestry]
  3277 | Sewer    | Reached XP level 7. HP: 38/52 MP: 7/7
  3623 | Sewer    | Reached skill level 1 in Shields
  3968 | D:4      | Found Molymat's Weapon Emporium.
  4038 | D:4      | Found a stormy altar of Qazlal.
  4041 | D:4      | Found a blossoming altar of Fedhas.
  4092 | D:4      | Gained mutation: A meltable shield of frost defends you.
                  | (SH +0) [demonic ancestry]
  4092 | D:4      | Reached XP level 8. HP: 56/60 MP: 8/8
  4209 | D:4      | Reached skill level 1 in Short Blades
  4520 | D:5      | Entered Level 5 of the Dungeon
  5250 | D:5      | Reached XP level 9. HP: 64/65 MP: 9/9
  5486 | D:6      | Found a sacrificial altar of Ru.
  5596 | D:6      | Reached skill level 5 in Dodging
  5768 | D:6      | Found Gozag's Platinum Reserve.
  6071 | D:6      | Found a bloodstained altar of Trog.
  6119 | D:6      | Found an opulent altar of Gozag.
  6546 | D:7      | Found a staircase to the Ecumenical Temple.
  6555 | Temple   | Entered the Ecumenical Temple
  6566 | Temple   | Became a worshipper of Uskayaw the Reveller
  6705 | D:7      | Reached * piety under Uskayaw
  6708 | D:7      | Reached ** piety under Uskayaw
  6867 | D:7      | Reached *** piety under Uskayaw
  6869 | D:7      | Reached skill level 1 in Invocations
  6870 | D:7      | Reached **** piety under Uskayaw
  7237 | D:8      | Found a sparkling altar of Nemelex Xobeh.
  7245 | D:8      | Found Ruapp's One-of-a-Kind Rings.
  7268 | D:8      | Reached skill level 2 in Invocations
  7332 | D:8      | Noticed a komodo dragon
  7344 | D:8      | Reached skill level 5 in Short Blades
  7360 | D:8      | Killed a komodo dragon
  7361 | D:8      | Reached skill level 5 in Fighting
  7361 | D:8      | Reached XP level 10. HP: 26/74 MP: 3/12
  7525 | D:8      | Reached skill level 3 in Invocations
  7531 | D:8      | Found a staircase to the Lair.
  7652 | D:8      | Reached skill level 5 in Armour
  7665 | D:8      | Reached ***** piety under Uskayaw
  7898 | D:8      | Noticed Grum
  7901 | D:8      | Noticed an orange demon
  7903 | D:8      | Noticed Amaemon
  7909 | D:8      | Killed Grum
  7910 | D:8      | Reached skill level 4 in Invocations
  8128 | D:8      | Killed Amaemon
  8145 | D:8      | Killed an orange demon
  8280 | D:8      | Noticed an orange demon
  8284 | D:8      | Reached skill level 5 in Invocations
  8289 | D:8      | Reached skill level 5 in Shields
  8853 | D:9      | Noticed a centaur warrior
  8870 | D:9      | Killed a centaur warrior
  8871 | D:9      | Gained mutation: A meltable icy envelope protects you from
                  | harm. (AC +0) [demonic ancestry]
  8871 | D:9      | Reached XP level 11. HP: 32/81 MP: 4/15
  9326 | D:9      | Found a hazy altar of Hepliaklqana.
  9476 | D:9      | Reached skill level 6 in Invocations
  9867 | D:10     | Entered Level 10 of the Dungeon
  9877 | D:10     | Got the Elucidation of Gusty Percussion
  9946 | D:10     | Noticed Snorg
  9956 | D:10     | Killed Snorg
 10009 | D:10     | Found a flagged portal.
 10022 | Bailey   | Entered a bailey
 10239 | Bailey   | Noticed Prince Ribbit
 10239 | Bailey   | Noticed a vault guard
 10258 | Bailey   | Killed a vault guard
 10267 | Bailey   | Killed Prince Ribbit
 10439 | Bailey   | Noticed a vault guard
 10504 | Bailey   | Killed a vault guard
 10773 | D:10     | Reached skill level 7 in Invocations
 11005 | D:10     | Identified the +1 cloak of the Blacksmith {^Contam rC+ MP+9
                  | Str+4}
 11340 | D:10     | Noticed a two-headed ogre
 11348 | D:10     | Killed a two-headed ogre
 11689 | D:10     | Reached skill level 8 in Invocations
 11818 | D:11     | Noticed Maurice
 11879 | D:11     | Noticed Erolcha
 11879 | D:11     | Noticed a boulder beetle
 11929 | D:10     | Killed a boulder beetle
 11930 | D:10     | Reached XP level 12. HP: 33/89 MP: 17/18
 12165 | D:11     | Noticed Fannar
 12195 | D:11     | Killed Fannar
 12481 | D:11     | Found a staircase to the Orcish Mines.
 12619 | D:11     | Noticed a two-headed ogre
 12660 | D:11     | Killed a two-headed ogre
 12691 | D:11     | Something stole 118 gold
 12693 | D:11     | Something stole a +0 long sword
 12694 | D:11     | Something stole 316 gold
 12702 | D:11     | Killed Maurice
 12704 | D:11     | Noticed a two-headed ogre
 12917 | D:11     | Killed a two-headed ogre
 12918 | D:11     | Reached skill level 9 in Invocations
 13213 | D:11     | Noticed a boulder beetle
 13247 | D:11     | Killed a boulder beetle
 13313 | D:11     | Killed Erolcha
 13760 | D:12     | Found Daerirao's Antique Armour Shoppe.
 13763 | D:12     | Bought a smoking chain mail for 285 gold pieces
 13763 | D:12     | Identified the +8 chain mail "Doegg" {Str+2 Int-3 Dex+2
                  | Slay+2} (You bought it in a shop on level 12 of the
                  | Dungeon)
 15164 | D:12     | Found Areip's Firing Range.
 15328 | D:12     | Noticed Urug
 15339 | D:12     | Killed Urug
 15523 | D:13     | Noticed a centaur warrior
 15533 | D:13     | Killed a centaur warrior
 15534 | D:13     | Reached skill level 10 in Invocations
 15884 | D:13     | Found a gate to the Vaults.
 15886 | D:13     | Noticed an entropy weaver
 15901 | D:13     | Noticed an ironbound preserver
 15902 | D:13     | Killed an entropy weaver
 15903 | D:13     | Reached skill level 5 in Throwing
 15915 | D:13     | Killed an ironbound preserver
 16142 | D:13     | Noticed a two-headed ogre
 16154 | D:13     | Killed a two-headed ogre
 16155 | D:13     | Reached XP level 13. HP: 81/97 MP: 20/20
 16950 | D:14     | Reached skill level 11 in Invocations
 17457 | D:15     | Entered Level 15 of the Dungeon
 18236 | D:15     | Found a staircase to the Depths.
 18236 | D:15     | Noticed a stone giant
 18610 | Lair:1   | Entered Level 1 of the Lair of Beasts
 19420 | Lair:2   | Reached skill level 12 in Invocations
 19457 | Lair:2   | Gained mutation: A meltable icy envelope protects you from
                  | harm. (AC +0) [demonic ancestry]
 19457 | Lair:2   | Reached XP level 14. HP: 93/106 MP: 23/23
 19715 | Lair:2   | Found a frozen archway.
 19820 | IceCv    | Entered an ice cave
 20280 | IceCv    | Noticed a frost giant
 20305 | IceCv    | Killed a frost giant
 20413 | IceCv    | Reached skill level 13 in Invocations
 20542 | IceCv    | Gained mutation: You have hidden genetic defects. [potion
                  | of mutation]
 20542 | IceCv    | Gained mutation: You are dopey. (Int -2) [potion of
                  | mutation]
 20542 | IceCv    | Gained mutation: A frigid envelope surrounds you and
                  | freezes all who hurt you. [potion of mutation]
 20749 | Lair:2   | Found a staircase to the Snake Pit.
 21430 | Lair:3   | Found a staircase to the Shoals.
 21880 | Lair:4   | Lost mutation: A frigid envelope surrounds you and freezes
                  | all who hurt you. [potion of mutation]
 21880 | Lair:4   | Lost mutation: You have hidden genetic defects. [potion of
                  | mutation]
 21880 | Lair:4   | Gained mutation: You occasionally lose the ability to read
                  | scrolls when taking damage. [potion of mutation]
 21880 | Lair:4   | Gained mutation: You are somewhat resistant to further
                  | mutation. [potion of mutation]
 21881 | Lair:4   | Lost mutation: You are somewhat resistant to further
                  | mutation. [potion of mutation]
 21881 | Lair:4   | Lost mutation: You are dopey. (Int -2) [potion of mutation]
 21881 | Lair:4   | Gained mutation: You occasionally lose the ability to drink
                  | potions when taking damage. [potion of mutation]
 21881 | Lair:4   | Gained mutation: You have an increased reservoir of magic.
                  | (+10% MP) [potion of mutation]
 21882 | Lair:4   | Lost mutation: You occasionally lose the ability to drink
                  | potions when taking damage. [potion of mutation]
 21882 | Lair:4   | Lost mutation: You occasionally lose the ability to read
                  | scrolls when taking damage. [potion of mutation]
 21882 | Lair:4   | Gained mutation: Your mind is acute. (Int +4, Str/Dex -1)
                  | [potion of mutation]
 22836 | Lair:4   | Noticed Nessos
 22858 | Lair:4   | Killed Nessos
 23010 | Lair:5   | Entered Level 5 of the Lair of Beasts
 23067 | Lair:5   | Reached skill level 14 in Invocations
 23256 | Lair:5   | Reached ****** piety under Uskayaw
 23257 | Lair:5   | Reached skill level 10 in Fighting
 23436 | Lair:5   | Gained mutation: You are partially covered in large bone
                  | plates. (SH +4) [demonic ancestry]
 23436 | Lair:5   | Reached XP level 15. HP: 115/115 MP: 28/28
 23445 | Lair:5   | Identified the +5 trident of the Visionary {elec, rN+ Int+2
                  | Dex+2}
 23448 | Lair:5   | Identified the amulet "Tepuym" {Spirit Harm rN+ rCorr}
 23507 | Lair:5   | Noticed Josephine
 23521 | Lair:5   | Killed Josephine
 23522 | Lair:5   | Reached skill level 10 in Armour
 23568 | Lair:5   | Paralysed by a hornet for 2 turns
 23693 | Lair:5   | Reached skill level 15 in Invocations
 24386 | Lair:5   | Found a staircase to the Slime Pits.
 24632 | Orc:1    | Entered Level 1 of the Orcish Mines
 24687 | Orc:1    | Found a shimmering blue altar of Sif Muna.
 24708 | Orc:1    | Got Sif Muna's Compilation of Excavation
 24814 | Orc:1    | Reached skill level 10 in Shields
 24824 | Orc:1    | You are sucked into a shaft and drop 1 floor!
 24824 | Orc:2    | Entered Level 2 of the Orcish Mines
 25088 | Orc:2    | Found Zateyj's Magic Scroll Boutique.
 25156 | Orc:2    | Found a staircase to the Elven Halls.
 25958 | Orc:2    | Found Usu Sam's Jewellery Shop.
 25958 | Orc:2    | Found Gunot's Magic Scroll Emporium.
 25960 | Orc:2    | Found Doanim's Weapon Shop.
 25960 | Orc:2    | Found Qalilunlo's Armour Emporium.
 26035 | Orc:2    | Bought the ring "Luolitz" {rF+ AC+4 Dex+2} for 813 gold
                  | pieces
 26429 | Shoals:1 | Entered Level 1 of the Shoals
 26520 | Shoals:1 | Identified the +3 rapier "Gechimo" {freeze, rF+}
 26648 | Shoals:1 | Reached skill level 16 in Invocations
 27176 | Shoals:1 | Reached skill level 10 in Throwing
 27907 | Shoals:2 | Noticed a kraken
 27936 | Shoals:2 | Killed a kraken
 28058 | Shoals:2 | Gained mutation: When hurt, damage is shared between your
                  | health and your magic reserves. [demonic ancestry]
 28058 | Shoals:2 | Reached XP level 16. HP: 126/126 MP: 30/30
 28090 | Shoals:2 | Noticed a tentacled monstrosity
 28108 | Shoals:2 | Killed a tentacled monstrosity
 28111 | Shoals:2 | Identified the ring of Doke {^Drain rF+ Str+4 Int+3 SInv}
 28168 | Shoals:2 | Got the Vellum of Mad Ravings
 29020 | Shoals:2 | Reached skill level 17 in Invocations
 29047 | Shoals:2 | Noticed a kraken
 29057 | Shoals:2 | Killed a kraken
 29346 | Shoals:3 | Found Uhemp's Distillery.
 29578 | Shoals:3 | Noticed a kraken
 29602 | Shoals:3 | Killed a kraken
 29777 | Shoals:3 | Noticed a kraken
 29792 | Shoals:3 | Killed a kraken
 30109 | Shoals:3 | Noticed a kraken
 30134 | Shoals:3 | Killed a kraken
 30987 | Shoals:3 | Got the Incunabulum of Scorching Snow
 31241 | Shoals:4 | Entered Level 4 of the Shoals
 31886 | Shoals:4 | Noticed a sphinx
 32095 | Shoals:4 | Paralysed by a formless jellyfish for 1 turns
 32100 | Shoals:4 | Gained mutation: You have claws for hands. [demonic
                  | ancestry]
 32100 | Shoals:4 | Reached XP level 17. HP: 104/137 MP: 31/32
 32230 | Shoals:4 | Got a barnacled rune of Zot
 32234 | Shoals:4 | Killed a sphinx
 32240 | Shoals:4 | Identified the +7 bardiche of Collusion {elec, rN++ Will+}
 32252 | Shoals:4 | Reached skill level 18 in Invocations
 33620 | Snake:1  | Entered Level 1 of the Snake Pit
 33938 | Snake:1  | Noticed Agnes
 33959 | Snake:1  | Killed Agnes
 34173 | Snake:1  | Identified the serpent talisman of the Cockroach {rCorr
                  | SInv Stlth+}
 34173 | Snake:1  | Noticed Aizul
 34191 | Snake:1  | Killed Aizul
 35925 | Snake:3  | Reached skill level 19 in Invocations
 36153 | Snake:3  | Gained mutation: You are robust. (+10% HP) [demonic
                  | ancestry]
 36153 | Snake:3  | Reached XP level 18. HP: 58/162 MP: 31/34
 36153 | Snake:3  | Found a large runed translucent door.
 36261 | Snake:3  | Found a large runed translucent door.
 36262 | Snake:3  | Noticed browni3141's ghost (journeyman MiFi)
 36362 | Snake:3  | Killed browni3141's ghost
 36363 | Snake:3  | Reached skill level 15 in Fighting
 36365 | Snake:3  | Identified the +8 plate armour "Lekhefia" {Regen+ Dex+3}
 36612 | Snake:3  | Noticed Jorgrun
 36632 | Snake:3  | Killed Jorgrun
 37150 | Snake:4  | Entered Level 4 of the Snake Pit
 38231 | Snake:4  | Reached skill level 20 in Invocations
 38516 | Snake:4  | Reached skill level 10 in Short Blades
 38602 | Snake:4  | Identified the +9 shortbow of the Evil Eye {heavy, ^Contam
                  | Str+2 Stlth+}
 38628 | Snake:4  | Gained mutation: You are mostly covered in large bone
                  | plates. (SH +6) [demonic ancestry]
 38628 | Snake:4  | Reached XP level 19. HP: 145/172 MP: 16/36
 38629 | Snake:4  | Got a serpentine rune of Zot
 39070 | Elf:1    | Entered Level 1 of the Elven Halls
 39116 | Elf:1    | Found a radiant altar of Vehumet.
 39511 | Elf:1    | Reached skill level 21 in Invocations
 40528 | Elf:2    | Found a runed translucent gate.
 40529 | Elf:2    | Found a runed translucent gate.
 40529 | Elf:2    | Found a runed translucent gate.
 41404 | Slime:1  | Entered Level 1 of the Pits of Slime
 41756 | Vaults:1 | Entered Level 1 of the Vaults
 41782 | Vaults:1 | Found a portal to a secret trove of treasure.
 41986 | Vaults:1 | Noticed Nikola
 42005 | Vaults:1 | Killed Nikola
 42221 | Vaults:1 | Reached skill level 22 in Invocations
 42421 | Vaults:1 | Gained mutation: You are completely covered in large bone
                  | plates. (SH +8) [demonic ancestry]
 42421 | Vaults:1 | Reached XP level 20. HP: 179/183 MP: 38/38
 42640 | Vaults:1 | Found a runed translucent gate.
 42644 | Vaults:1 | Found a runed translucent gate.
 42644 | Vaults:1 | Found a runed translucent gate.
 42653 | Vaults:1 | Identified the +0 plate armour "Jeasiris" {rN+ MP+9 Str+2}
 43152 | Vaults:1 | Noticed monsoonserge's ghost (amateur SpDe)
 44097 | Vaults:2 | Reached skill level 15 in Shields
 44588 | Vaults:2 | You fall into a shaft and drop 1 floor!
 44704 | Vaults:3 | Identified the +3 arbalest of the Wheel {freeze, rF+ rC-
                  | Str+8}
 45370 | Vaults:2 | Reached skill level 23 in Invocations
 45658 | Vaults:3 | Reached skill level 10 in Long Blades
 45944 | Vaults:3 | Paralysed by a formless jellyfish for 1 turns
 46072 | Vaults:3 | Found a staircase to the Crypt.
 46295 | Vaults:3 | Gained mutation: You are very robust. (+20% HP) [demonic
                  | ancestry]
 46295 | Vaults:3 | Reached XP level 21. HP: 168/208 MP: 40/40
 46846 | Vaults:4 | Identified the amulet "Anoang" {rPois Regen+}
 47163 | Vaults:4 | Identified the +8 sling of the Unspeakable One {flame, rN+
                  | rCorr SInv}
 47357 | Vaults:4 | Found the +2 Maxwell's thermic engine {flame, freeze, rev}
 47926 | Vaults:5 | Entered Level 5 of the Vaults
 47928 | Vaults:5 | Identified the dragon-blood talisman of Xaklaowk {rC++}
 47928 | Vaults:5 | Noticed Bai Suzhen
 48088 | Vaults:4 | Killed Bai Suzhen
 48216 | Vaults:5 | Noticed an ancient lich
 48228 | Vaults:4 | Reached skill level 24 in Invocations
 48292 | Vaults:5 | Identified the +7 spear "Codyet" {flame, rF+ Int+4}
 48359 | Vaults:4 | Gained mutation: When low on magic, you restore magic in
                  | place of health. [demonic ancestry]
 48359 | Vaults:4 | Reached XP level 22. HP: 208/219 MP: 41/41
 48367 | Vaults:4 | Killed an ancient lich
 48740 | Vaults:5 | Noticed a golden dragon
 49126 | Elf:2    | Identified the blade talisman of Dogmatism {rN+ Will+ Str-3
                  | Int+3}
 49450 | Elf:3    | Entered Level 3 of the Elven Halls
 49494 | Elf:3    | Found Ozuok's Antique Armour Boutique.
 49720 | Elf:3    | Identified the +4 plate armour of Integrity {Harm rElec
                  | Will+ Str-3 Dex-4}
 49740 | Elf:3    | Found a gateway to a bazaar.
 49753 | Bazaar   | Entered a bazaar
 49767 | Bazaar   | Found Hiffes's General Store.
 49783 | Bazaar   | Found Pecueppi's General Store.
 49799 | Bazaar   | Found Inkorgh's Book Emporium.
 49962 | Elf:3    | Found a runed translucent gate.
 49967 | Elf:3    | Found a runed translucent gate.
 49968 | Elf:3    | Found a runed translucent gate.
 50066 | Elf:3    | Paralysed by an air elemental for 1 turns
 50578 | Vaults:4 | Killed a golden dragon
 51162 | Elf:3    | Reached skill level 25 in Invocations
 51202 | Elf:3    | Identified the ring of Wooshred {rF+ Str+2}
 51317 | Elf:3    | Identified the +4 flail of Debt {drain, ^Fragile rPois
                  | rF+++ rC-}
 51353 | Elf:3    | Identified the +9 quarterstaff of Royalism {flame, ^Fragile
                  | rC++ Will++}
 51361 | Elf:3    | Identified the ring "Varil" {MP+9 Dex+3}
 51362 | Elf:3    | Identified the +12 orcbow "Pait" {elec, Str+2 Dex+3}
 51362 | Elf:3    | Identified the +3 trident "Xopa" {pain, ^Fragile rF+++
                  | rN+++ Stlth-}
 51370 | Elf:3    | Identified the +7 rapier of Trial by Ordeal {drain, ^Drain
                  | rElec rPois SInv}
 51481 | Elf:3    | Identified the staff of Duty {Fly rPois rC+ Int-4 Ice
                  | Alchemy}
 51500 | Elf:3    | Identified the +2 spear of Qire {distort, Will+ MP+9 Str-4
                  | Int+5}
 51501 | Elf:3    | Identified the amulet "Acouworgh" {Spirit rPois Stlth+}
 51632 | Elf:3    | Identified the +4 mace of Destruction {protect, rPois rCorr
                  | Str-3}
 52697 | Slime:2  | Gained mutation: You have hidden genetic defects. [a
                  | shining eye]
 52763 | Slime:2  | Gained mutation: You are extremely robust. (+30% HP)
                  | [demonic ancestry]
 52763 | Slime:2  | Reached XP level 23. HP: 150/248 MP: 37/43
 54159 | Slime:4  | Gained mutation: You sometimes lose your temper in combat.
                  | [hidden defects]
 54177 | Slime:4  | Lost mutation: You have hidden genetic defects. [potion of
                  | mutation]
 54177 | Slime:4  | Lost mutation: Your mind is acute. (Int +4, Str/Dex -1)
                  | [potion of mutation]
 54177 | Slime:4  | Gained mutation: Your system is resistant to poisons.
                  | (rPois) [potion of mutation]
 54177 | Slime:4  | Gained mutation: Your muscles are strong. (Str +4, Int/Dex
                  | -1) [potion of mutation]
 54177 | Slime:4  | Gained mutation: You expend magic power (3 MP) to
                  | strengthen your wands. [potion of mutation]
 54299 | Slime:3  | Gained mutation: You occasionally shout uncontrollably at
                  | your foes. [a shining eye]
 54525 | Slime:5  | Entered Level 5 of the Pits of Slime
 54618 | Slime:5  | Paralysed by a formless jellyfish for 1 turns
 54623 | Slime:5  | Paralysed by a formless jellyfish for 1 turns
 54776 | Slime:5  | Noticed the Royal Jelly
 54791 | Slime:5  | Killed the Royal Jelly
 54960 | Slime:5  | Gained mutation: You are vulnerable to cold. (rC-) [a
                  | shining eye]
 54961 | Slime:5  | Gained mutation: You are dopey. (Int -2) [a shining eye]
 55012 | Slime:4  | Reached skill level 26 in Invocations
 55057 | Slime:5  | Gained mutation: Your body sometimes deteriorates upon
                  | taking damage. [a shining eye]
 55108 | Slime:5  | Identified the +4 falchion of Ymuxui {speed, Int+6 Dex+2
                  | SInv}
 55110 | Slime:5  | Identified the staff "Ameumpu" {rN+ Summ Necro}
 55137 | Slime:5  | Identified the +10 morningstar "Zaugol" {elec, rF+ Str+3
                  | Int-5}
 55138 | Slime:5  | Identified the +3 morningstar of Gaet Zot {drain, Dex+2}
 55139 | Slime:5  | Identified the staff of the Hurling Gods {rElec rF+ Int+2
                  | Stlth+ Air}
 55202 | Slime:5  | Identified the +0 plate armour "Hoexzyel" {rC++ rN+ Str-4
                  | Stlth+}
 55208 | Slime:5  | Got a slimy rune of Zot
 55277 | Slime:5  | Gained mutation: Your body often deteriorates upon taking
                  | damage. [a shining eye]
 56170 | Vaults:5 | Identified the +3 whip of Recklessness {heavy, rF+ Int+3}
 56170 | Vaults:5 | Identified the ring "Kesaefof" {rN+ Will+ Int+3}
 56272 | Vaults:5 | Found the +7 hand cannon "Mule" {flame, backblast, rF+}
 56286 | Vaults:5 | Identified the ring "Viukiul" {EV+5 Int+6}
 56383 | Vaults:5 | Lost mutation: You expend magic power (3 MP) to strengthen
                  | your wands. [potion of mutation]
 56383 | Vaults:5 | Lost mutation: Your muscles are strong. (Str +4, Int/Dex
                  | -1) [potion of mutation]
 56383 | Vaults:5 | Lost mutation: You are dopey. (Int -2) [potion of mutation]
 56384 | Vaults:5 | Lost mutation: Your system is resistant to poisons. (rPois)
                  | [potion of mutation]
 56384 | Vaults:5 | Lost mutation: You are vulnerable to cold. (rC-) [potion of
                  | mutation]
 56384 | Vaults:5 | Gained mutation: Your spells are a little harder to cast,
                  | but a little more powerful. [potion of mutation]
 56384 | Vaults:5 | Gained mutation: Your health recovers twice as slowly from
                  | being drained. [potion of mutation]
 56404 | Vaults:5 | Identified the staff "Haoleel" {rC+ rN+ Dex-2 Stlth+ Ice}
 56542 | Vaults:5 | Got a silver rune of Zot
 56604 | Vaults:5 | Reached skill level 27 in Invocations
 56719 | Vaults:5 | Identified the staff "Ackooroe" {rPois rN+ Necro}
 56730 | Vaults:5 | Identified the ring of Nobility {rC+ EV+5 Int+3}
 56769 | Vaults:5 | Identified the +3 great sword "Gulyqej" {freeze, rN++}
 56922 | Vaults:5 | Found Coumm's Antique Weapon Shoppe.
 56934 | Vaults:5 | Identified the staff of Wuk Xen {rPois Str-5 Stlth+ Hexes
                  | Alchemy}
 56952 | Vaults:5 | Got the Vellum of the Gathering
 57669 | Crypt:1  | Entered Level 1 of the Crypt
 57894 | Crypt:1  | Noticed Vv
 58122 | Crypt:1  | Killed Vv
 58251 | Crypt:1  | Reached XP level 24. HP: 249/249 MP: 44/44
 58333 | Crypt:1  | Reached skill level 15 in Long Blades
 59315 | Crypt:3  | Entered Level 3 of the Crypt
 59426 | Crypt:3  | Noticed Jory
 59437 | Crypt:3  | Killed Jory
 59556 | Crypt:3  | Found a staircase to the Tomb.
 59570 | Crypt:3  | Identified the +0 pair of gloves "Zairr" {Str+3 Dex+4}
 59776 | Crypt:3  | Noticed a dread lich
 59785 | Crypt:3  | Paralysed by a dread lich for 3 turns
 60399 | Depths:1 | Entered Level 1 of the Depths
 60483 | Depths:1 | Found a gateway to Hell.
 60536 | Depths:1 | Reached skill level 15 in Armour
 60580 | Depths:1 | Found a one-way gate to the infinite horrors of the Abyss.
 60680 | Depths:1 | Noticed Mara
 60692 | Depths:1 | Noticed LobsterGuardian's illusion
 60705 | Depths:1 | Killed Mara
 60789 | Depths:1 | Found Porug's Antique Weapon Boutique.
 60818 | Depths:1 | Found Exzias's Jewellery Shop.
 61564 | Depths:2 | Found a one-way gate leading to the halls of Pandemonium.
 61684 | Depths:2 | Killed from afar by a titan

Illustrated notes

Levels and vault maps discovered:
D:1:      shiori_arrival_oz, layout_basic, item_on_display_b
D:2:      layout_rooms, serial_rivers, chequers_serial_rivers_small_b,
          chequers_serial_rivers_large_b, chequers_serial_rivers_small_b,
          chequers_serial_rivers_marsh, chequers_serial_rivers_small_3,
          chequers_serial_rivers_small_3, nicolae_twisty_statue_hallways
D:3:      layout_rooms, lemuel_tele_altar, serial_corexii_hall,
          chequers_hall_statues_corner_a, corexii_hall_statues_l,
          minmay_divided_ellipse
D:4:      layout_cave_pools, grunt_temple_overflow_forces_of_nature,
          serial_shops, shop, gup_sewer_entry_bubbles,
          lightli_ossuary_entry_decrepit_ruins, minmay_ogre_servants
D:5:      lemuel_ratsnest, layout_cave_pools
D:6:      layout_basic, nicolae_gozag_zags_fifth_avenue,
          mainiacjoe_overflow_24_doors, bloody_trog
D:7:      layout_basic, minmay_temple_entry_stoned_glass, serial_demonic,
          serial_demonic_e, serial_demonic_d, serial_demonic_c, serial_demonic_c
D:8:      layout_loops_ring, nemelex_diamond_rough_becter,
          grunt_lair_entry_orc_guard_hut, kennysheep_path_1,
          nicolae_shop_unique_rings, uniq_grum, uniq_amaemon
D:9:      wander_river, layout_irregular_city, kennysheep_mini_moat, tso_altar,
          dk_noncrumbling_4
D:10:     layout_stronghold, mainiacjoe_overflow_alcove_2, enter_bailey_3,
          lemuel_flamethrower_2, uniq_snorg
D:11:     gammafunk_indiana_jones, layout_gridville, erik_orc_3, uniq_erolcha,
          uniq_maurice, uniq_fannar
D:12:     layout_loops_ring, serial_shops, nicolae_shop_behind_doors,
          nicolae_shop_firing_range, uniq_urug
D:13:     layout_basic, hellmonk_vaults_order_and_chaos
D:14:     layout_loops_cross, chequers_serial_rivers_small_3,
          minmay_statue_bubble
D:15:     grunt_enter_depths_snipers, layout_cave_pools
Temple:   hellmonk_temple_flake
Lair:1:   layout_hall_layers, serial_rivers, chequers_serial_rivers_micro_d,
          chequers_serial_rivers_small_b, chequers_serial_rivers_marsh,
          chequers_serial_rivers_micro_b, chequers_serial_rivers_small_a,
          chequers_serial_rivers_micro_b
Lair:2:   layout_misc_corridors, guppyfry_snake_entry_garden,
          portal_ice_cave_entry_ice_simulacra, grunt_megastairs_3
Lair:3:   layout_concentric_octagons, mainiacjoe_shoals_entry_four_pools
Lair:4:   layout_gridlike, lemuel_fruit_tree, uniq_nessos
Lair:5:   gammafunk_lair_ancient_temple, layout_regular_city,
          dpeg_slime_entry_corner, nicolae_volcano_entry_s_turn,
          serial_bayou_shore_b, infiniplex_staircase_pool, uniq_josephine
Shoals:1: layout_shoals, nicolae_tricolors
Shoals:2: dreamdust_from_the_deep, layout_shoals
Shoals:3: nicolae_shoals_lighthouse, layout_shoals, serial_shops, shop
Shoals:4: shoals_end_hellmonk_lost_city, serial_shops
Snake:1:  layout_onion, uniq_aizul, uniq_agnes
Snake:2:  layout_chambers
Snake:3:  layout_onion_interference, ebering_ghost_disaster_area,
          grunt_megastairs_2, uniq_jorgrun
Snake:4:  snake_pit_salamanders_mu, layout_misc_corridors
Slime:1:  layout_caves, nicolae_slime_getting_an_eyeful
Slime:2:  layout_caves, nicolae_slime_phagocytosis
Slime:3:  layout_caves
Slime:4:  layout_caves, nicolae_slime_round_cave
Slime:5:  slime_pit
Orc:1:    layout_diamond_mine, led_sif_book
Orc:2:    grunt_orc_tribal_feast, layout_diamond_mine, serial_shops, shop,
          nicolae_orc_pool_cavern
Elf:1:    eino_elf_arrival_altar, layout_loops_corners,
          nicolae_elf_crossing_hall
Elf:2:    nicolae_elf_blades_crystal_corner, layout_gridlike,
          kennysheep_underground_church
Elf:3:    grunt_elf_hall_asides, layout_gridlike, serial_shops,
          bzr_entry_customers, nicolae_shop_crystal, nicolae_elf_hall_of_bonks
Vaults:1: ebering_ghost_rock_garden, nicolae_vaults_tangram_2,
          hangedman_vaults_stretched_pinwheel, ontoclasm_vaults_twist,
          grunt_vaults_hallway_long, v_alt_pattern_6,
          nicolae_vaults_sesquioval_fish, nicolae_vaults_tetromino_T_1,
          nicolae_vaults_surprise_closet_hard, hangedman_vaults_nails,
          v_pattern_1, hangedman_vaults_river_flow, grunt_vaults_diagonal,
          v_misc_19, nicolae_vaults_little_squares_3,
          nicolae_vaults_tetromino_T_1, layout_vaults_omnicross,
          nicolae_trove_entry_columns, uniq_nikola
Vaults:2: nicolae_vaults_offset_grid_hallway_4, hangedman_vaults_nodes,
          grunt_vaults_focal, vaults_room_pool,
          nicolae_vaults_ellipses_ellipsis, vaults_mumra_hex,
          nicolae_vaults_heart-shaped_vault, nicolae_vaults_closet_pinwheel_4,
          ontoclasm_vaults_gateway, layout_vaults_big_room
Vaults:3: st_more_cells, vaults_dpeg_encased_lava, v_alt_pattern_6, v_rooms_3,
          minmay_crypt_entry_simple_statues, nicolae_vaults_closet_pinwheel_3,
          v_misc_18, nicolae_vaults_yaktaur_gun_rack, ontoclasm_vaults_hangar,
          vaults_dpeg_ring, nicolae_vaults_closet_pinwheel_6,
          nicolae_vaults_offset_grid_hallway_3, layout_vaults_maze_bifur
Vaults:4: nicolae_vaults_sightless_eye, st_greater_box_2,
          nicolae_vaults_network_square, nicolae_vaults_sesquioval_fish,
          v_misc_27, v_misc_24, vaults_mumra_hexcomb, grunt_vaults_twisty,
          v_misc_16, vaults_room_stairs_pillars,
          hangedman_vaults_stretched_pinwheel,
          nicolae_vaults_diagonal_hallway_6, layout_vaults_omnibox
Vaults:5: uniq_bai_suzhen
Crypt:1:  layout_gridlike, grunt_crypt_arrival_webbed, uniq_vv
Crypt:2:  layout_chaotic_city, grunt_ministairs_9, uniq_grunn
Crypt:3:  cryptofortress_bobbens, uniq_jory
Depths:1: layout_roguey, wad_floor_pattern_untrapped,
          hangedman_tar_grid_catacomb, abyss_entry, kilobyte_rumbling_trees,
          minmay_shoptagon, uniq_mara
Depths:2: minmay_crescents, layout_gridlike, grunt_hell_entry_dis_mu,
          abyss_entry_flame_altar, minmay_misc_feat_doors, pan_entry,
          special_room [special_room_jelly], hangedman_stitches_earthworm,
          uniq_boris

Skill      XL: |  1  2  3  4  5  6  7  8  9 10 11 12 13 14 15 16 17 18 19 20 21 22 23 24 |
---------------+-------------------------------------------------------------------------+-----
Throwing       | 2 3 5 7 9 10 11 13 14 | 14.3
Long Blades    | 3 4 5 6 7 8 10 13 14 16 | 16.4
Dodging        | 3 4 5 6 7 8 9 |  9.4
Armour         | 1 2 3 4 5 6 8 9 10 11 12 13 14 15 | 15.1
Fighting       | 3 4 5 6 7 8 10 11 13 14 16 17 18 19 21 | 21.0
Shields        | 1 2 4 5 6 7 8 9 11 12 13 14 15 16 17 18 | 18.8
Short Blades   | 3 5 6 8 9 10 | 10.6
Invocations    | 2 5 8 10 12 14 16 17 19 20 22 23 24 25 27 | 27.0

Action                     |  1- 3 |  4- 6 |  7- 9 | 10-12 | 13-15 | 16-18 | 19-21 | 22-24 || total
---------------------------+-------+-------+-------+-------+-------+-------+-------+-------++-------
  Melee: Long sword        |   125 |    20 |       |       |       |       |       |       ||   145
         Short sword       |       |   218 |   507 |   703 |  1330 |  1287 |   900 |       ||  4945
         Double sword      |       |       |       |       |       |       |   732 |  1794 ||  2526
         Unarmed           |       |       |       |       |       |       |    14 |       ||    14
  Throw: Javelin           |     1 |    12 |    12 |    19 |       |   108 |   139 |    28 ||   319
         Boomerang         |       |     3 |     3 |     5 |   116 |   507 |    48 |       ||   682
         Throwing net      |       |       |       |     8 |       |       |       |       ||     8
         Dart              |       |       |       |    52 |   200 |     8 |       |       ||   260
 Invoke: Stomp             |       |       |     3 |    67 |    46 |    88 |    36 |    29 ||   269
         Line Pass         |       |       |     2 |     9 |     5 |     8 |     5 |     6 ||    35
         Grand Finale      |       |       |       |       |     3 |     8 |     7 |    12 ||    30
  Evoke: Wand              |       |       |       |    10 |     2 |     4 |     1 |       ||    17
         Lightning rod     |       |       |       |       |       |     5 |     2 |       ||     7
    Use: Scroll            |     1 |     4 |     9 |    17 |     8 |     5 |    15 |     6 ||    65
         Potion            |       |     2 |       |     3 |    10 |     4 |     5 |    21 ||    45
   Stab: Sleeping          |       |     2 |     1 |       |       |       |       |       ||     3
         Paralysed         |       |       |     3 |    25 |    85 |   116 |   188 |   229 ||   646
         Held in net/web   |       |       |       |     9 |       |       |       |       ||     9
         Confused          |       |       |       |     3 |     1 |     2 |     5 |     1 ||    12
 Armour: Leather armour    |    78 |   101 |    26 |       |       |       |       |       ||   205
         Ring mail         |       |       |   185 |   254 |       |       |       |       ||   439
         Chain mail        |       |       |       |    67 |   612 |   627 |       |       ||  1306
         Plate armour      |       |       |       |       |       |   133 |  1038 |  1398 ||  2569
         Skin              |       |       |       |       |       |       |     2 |       ||     2
  Dodge: Dodged            |   115 |   121 |   188 |   243 |   356 |   377 |   523 |   698 ||  2621
  Block: Buckler           |       |    16 |   168 |   276 |   638 |   897 |  1168 |  1575 ||  4738
         Other             |       |       |       |       |       |       |     2 |       ||     2
